 Dungeon Crawl Stone Soup version 0.30-a0-757-ga6a79fd877 (webtiles) character file.

Game seed: 7155631154156050804

91 themarg the Chopper (level 4, -1/32 (39) HPs)
             Began as a Hill Orc Fighter on Feb 10, 2023.
             Slain by a gnoll
             ... wielding a +1 flail of draining
              (2 damage)
             ... on level 1 of the Dungeon.
             The game lasted 00:04:41 (1592 turns).

themarg the Chopper (Hill Orc Fighter)              Turns: 1592, Time: 00:04:41

HP:   -1/32 (39)    AC: 11    Str: 20    XL:     4   Next: 57%
MP:   4/4           EV:  5    Int:  8    God:
Gold: 142           SH:  9    Dex: 10    Spells: 3/3 levels left

rFire   . . .      SeeInvis .    a - +0 war axe
rCold   . . .      Faith    .    c - +0 buckler
rNeg    . . .      Spirit   .    p - +0 plate armour
rPois   .          Reflect  +    (no helmet)
rElec   .          Harm     .    (no cloak)
rCorr   .          Rampage  .    (no gloves)
Will    .....                    (no boots) Stlth
                                 s - amulet of reflection
HPRegen 0.25/turn                (no ring)
MPRegen 0.09/turn                (no ring)

@: heavily drained
A: no striking features
a: no special abilities


You were on level 1 of the Dungeon.
You visited 1 branch of the dungeon, and saw 2 of its levels.

You collected 142 gold pieces.

Inventory:

Hand Weapons
 a - a +0 war axe (weapon)
Missiles
 e - 38 stones (quivered)
 f - 2 curare-tipped darts
Armour
 c - a +0 buckler (worn)
 p - a +0 plate armour (worn)
Jewellery
 s - an amulet of reflection (around neck)
Scrolls
 g - a scroll of identify {unknown}
 i - 2 scrolls of noise {unknown}
 k - a scroll of fog {unknown}
 n - a scroll of magic mapping {unknown}
 r - a scroll of poison {unknown}
Potions
 b - a potion of attraction {unknown}
 d - a potion of might
 h - a potion of brilliance {unknown}
 j - a potion of haste {unknown}
 l - a potion of invisibility {unknown}
 m - 4 potions of flight {unknown}
 o - a potion of magic {unknown}
 q - a potion of ambrosia {unknown}


   Skills:
 - Level 3.6 Fighting
 * Level 6.2 Axes
 - Level 3.2 Armour
 - Level 3.2 Shields


You had 3 spell levels left.
You didn't know any spells.
Your spell library contained the following spells:

 Spells                   Type           Power      Damage    Failure   Level
 Blink                    Tloc           0%         N/A       100%        2
 Lesser Beckoning         Tloc           0%         N/A       100%        2
 Momentum Strike          Conj/Tloc      0%         3d8       100%        2


Dungeon Overview and Level Annotations

Branches:
Dungeon (2/15)

Altars:
Ru

Shops:
D:2 *


Message History

The gnoll is almost dead.
The gnoll barely misses you.
You hit the gnoll but do no damage.
The gnoll is almost dead.
The gnoll hits you but does no damage.
You slash the gnoll!
You kill the gnoll!
Your life force feels restored.
You hit the gnoll but do no damage.
The gnoll is lightly wounded.
The gnoll hits you but does no damage.
You feel drained.
The gnoll hits you with a +1 flail of draining.
You feel drained.
You barely miss the gnoll.
The gnoll is lightly wounded.
The gnoll hits you with a +1 flail of draining.
You feel drained.
You barely miss the gnoll.
The gnoll is lightly wounded.
The gnoll hits you with a +1 flail of draining!
You feel drained.
* * * LOW HITPOINT WARNING * * *
The gnoll attacks as you move away!
The gnoll hits you with a +1 flail of draining.
* * * LOW HITPOINT WARNING * * *
You feel drained.
* * * LOW HITPOINT WARNING * * *
There is an escape hatch in the ceiling here.
You block the gnoll's attack. A mysterious force pulls you upwards.
The hatch slams shut behind you.
You hit the gnoll but do no damage.
The gnoll is lightly wounded.
You block the gnoll's attack.
You slash the gnoll!
The gnoll is heavily wounded.
You block the gnoll's attack.
The gnoll hits you with a +1 flail of draining.
* * * LOW HITPOINT WARNING * * *
You feel drained.
You die...

#.###.###)#....#####.#
####......#....##.#.....#
#.......##.##..........##
#.##..........###.#....#
####.##>....####.# #)##.#.##
#...........# #># #.##.....
#.##.##.....# #.# #.#......
#.##.##.....# #.# #.#.#....
#.##.......@## #[###.#.#...#
#.#####.#...g###..>..#.##)##
#.####.................##.#
#.......#....###....#.....#
#.####.........[)##...#####
#...........########.##
#.####.##.### #.# #.# #.##.#
#.# #)# #.##.# #.#


You could see a gnoll.

Vanquished Creatures
  2 adders (D:2)
  A gnoll (D:2)
  2 dart slugs (D:1)
  4 endoplasms
  A giant cockroach (D:1)
  6 goblins
  5 hobgoblins
  3 jackals (D:1)
  9 kobolds
  2 quokkas (D:1)
  4 ball pythons (D:1)
  5 bats
  5 frilled lizards
  9 rats
58 creatures vanquished.

Vanquished Creatures (others)
  2 plants (D:2)
2 creatures vanquished.

Grand Total: 60 creatures vanquished

Notes
Turn   | Place    | Note
-------+----------+-------------------------------------------
     0 | D:1      | themarg the Hill Orc Fighter began the quest for the Orb.
     0 | D:1      | Reached XP level 1. HP: 19/19 MP: 1/1
    62 | D:1      | Reached skill level 3 in Axes
   144 | D:1      | Reached XP level 2. HP: 26/26 MP: 2/2
   222 | D:1      | Reached skill level 4 in Axes
   363 | D:1      | Reached XP level 3. HP: 29/31 MP: 3/3
   595 | D:1      | Reached skill level 5 in Axes
   872 | D:2      | Found a sacrificial altar of Ru.
   915 | D:2      | Reached XP level 4. HP: 38/39 MP: 4/4
  1209 | D:2      | Found Sithra's Assorted Antiques.
  1496 | D:2      | Reached skill level 6 in Axes
  1592 | D:1      | HP: 1/33 [gnoll/+1 flail of draining (6)]
  1592 | D:1      | Slain by a gnoll

Illustrated notes

Levels and vault maps discovered:
D:1:      dpeg_arrival_court, layout_loops_ring
D:2:      layout_loops_cross, basic_altar, serial_forest,
          infiniplex_forest_lined_corner, infiniplex_forest_fountain,
          infiniplex_forest_clump_diagonal, infiniplex_forest_clump_long,
          infiniplex_forest_3_way, infiniplex_forest_clump_long,
          infiniplex_forest_join, infiniplex_forest_clump_long, serial_shops,
          shop, minmay_pentomino_v4

Skill      XL: |  1  2  3  4 |
---------------+-------------+-----
Axes           | 3 4 5 6 |  6.2
Fighting       | |  3.6
Armour         | |  3.2
Shields        | |  3.2

Action                     |  1- 3 |  4- 6 || total
---------------------------+-------+-------++-------
  Melee: War axe           |   101 |    67 ||   168
 Armour: Scale mail        |    48 |     3 ||    51
         Plate armour      |       |    25 ||    25
  Dodge: Dodged            |    51 |    19 ||    70
  Block: Buckler           |    16 |    16 ||    32

Table legend: (Time is in decaauts)
 A = Elapsed time spent in this place.
 B = Non-inter-level travel time spent in this place.
 C = Inter-level travel time spent in this place.
 D = Time resting spent in this place.
 E = Time spent auto-exploring this place.
 F = Levels seen in this place.
 G = Mean time per level.
                   A        B        C        D        E       F      G
               +--------+--------+--------+--------+--------+-----+--------+
         Total |   1644 |   1565 |     79 |      0 |   1140 |   2 |  822.0 |
       Dungeon |   1644 |   1565 |     79 |      0 |   1140 |   2 |  822.0 |
               +--------+--------+--------+--------+--------+-----+--------+

Top non-repeatable levels by time:
     D:1: 858 daAuts
     D:2: 786 daAuts
